AoeStats
← normalnocturnal

Arabia

509949948Analyzed
3v3 RM · 5d ago on Sep 28, 2026· 42m 15s· 6 players
Game mode
Random Map
Map size
Normal (6 player)
Population
200
Speed
Normal
Resources
Standard
Victory
Conquest
Starting age
Dark Age
Ending age
Imperial Age
RankedLock teamsTeams togetherTeam positionsShared explorationLock speedFull tech treeHidden civsTurbo modeCheats
Victory
Defeat
🇨🇿 Burgundians · Czechia
885
+12
🇨🇿 Teutons · Czechia
842
+13
🇨🇿 Vietnamese · Czechia
788
+16
🇬🇧 Saxons · United Kingdom
808
-15
🇬🇧 Varangians · United Kingdom
803
-14
🇬🇧 Danes · United Kingdom
748
-12
normalnocturnal
6:44 Loom
10:37 Feudal Age
11:03 Double-Bit Axe
11:02 Horse Collar
10:49 Man-at-Arms
14:24 Forging
14:51 Arson
18:57 Wheelbarrow
22:41 Castle Age
24:30 Heavy Plow
25:07 Bow Saw
25:01 Gambesons
24:37 Long Swordsman
25:20 Squires
24:48 Long Swordsman
26:05 Scale Mail Armor
26:40 Iron Casting
28:17 Hand Cart
27:48 Pikeman
36:29 Gold Mining
36:30 Stone Mining
38:36 Chain Mail Armor
42:11 Imperial Age
WarMachine
3:07 Loom
10:19 Feudal Age
12:31 Double-Bit Axe
12:45 Gold Mining
12:38 Horse Collar
24:54 Castle Age
25:04 Pikeman
27:46 Forging
27:59 Squires
28:41 Gambesons
29:04 Scale Mail Armor
29:41 Iron Casting
32:26 Bow Saw
36:39 Chain Mail Armor
36:15 Arson
36:34 Heavy Plow
ChrisVoor
3:13 Loom
11:06 Feudal Age
19:12 Castle Age
18:57 Bloodlines
19:19 Horse Collar
19:28 Double-Bit Axe
23:09 Forging
23:33 Scale Barding Armor
25:53 Pikeman
26:33 Squires
27:54 Bow Saw
33:28 Heavy Plow
33:20 Town Watch
33:37 Stone Mining
37:02 Iron Casting
Kevin Flynn
12:55 Feudal Age
11:12 Loom
14:44 Double-Bit Axe
14:37 Man-at-Arms
19:26 Gold Mining
19:26 Stone Mining
25:16 Padded Archer Armor
25:07 Fletching
25:18 Scale Mail Armor
28:21 Castle Age
29:15 Wheelbarrow
28:47 Crossbowman
28:47 Elite Skirmisher
30:42 Leather Archer Armor
30:23 Bodkin Arrow
29:58 Pikeman
31:39 Bow Saw
31:21 Long Swordsman
35:00 Hand Cart
35:51 Scale Mail Armor
35:58 Scale Barding Armor
39:00 Chain Mail Armor
40:59 Thumb Ring
Darline
13:30 Feudal Age
11:57 Double-Bit Axe
11:59 Horse Collar
12:29 Loom
17:15 Forging
19:22 Castle Age
17:44 Bow Saw
18:02 Heavy Plow
19:39 Forging
19:58 Cavalier
22:00 Scale Barding Armor
23:50 Husbandry
24:42 Crop Rotation
24:52 Gold Mining
29:07 Two-Man Saw
31:02 Iron Casting
31:13 Wheelbarrow
30:24 Town Watch
34:44 Chain Barding Armor
35:32 Hand Cart
35:39 Town Patrol
39:28 Gold Shaft Mining
38:44 Stone Mining
38:35 Pikeman
39:16 Squires
39:01 Arson
42:38 Imperial Age
40:01 Treadmill Crane
40:32 Masonry
40:43 Ballistics
40:31 Scale Mail Armor
40:31 Padded Archer Armor
40:21 Fletching
41:37 Stone Shaft Mining
41:02 Elite Skirmisher
supermaso8970
10:01 Feudal Age
8:16 Loom
12:20 Double-Bit Axe
15:58 Scale Barding Armor
20:28 Castle Age
20:15 Gold Mining
20:09 Horse Collar
21:52 Bow Saw
22:41 Forging
27:19 Iron Casting
28:01 Heavy Plow
29:05 Man-at-Arms
29:46 Squires
31:01 Bloodlines
30:47 Gambesons
35:45 Scale Mail Armor
43:19 Imperial Age
41:25 Wheelbarrow
Connection lost

Rejoining the realm…

Still unreachable

The connection could not be restored.

Session expired

The server has moved on; the page needs a fresh start.